 Dungeon Crawl Stone Soup version 0.26.1-11-gd32895ea62 (webtiles) character file.

Game seed: 12482583165338442466

398 Descartes the Ducker (level 6, -5/28 HPs)
             Began as a Felid Chaos Knight on May 29, 2021.
             Was a Plaything of Xom.
             Slain by an orc
             ... wielding a +3 flail
              (9 damage)
             ... on level 3 of the Dungeon.
             The game lasted 00:05:50 (4205 turns).

Descartes the Ducker (Felid Chaos Knight)           Turns: 4205, Time: 00:05:51

Health: -5/28      AC:  2    Str: 10    XL:     6   Next: 53%
Magic:  7/7        EV: 21    Int: 13    God:    Xom [....*.]
Gold:   248        SH:  0    Dex: 16    Spells: 5/5 levels left
                                        Lives:  0   Deaths: 1

rFire    . . .     SeeInvis +     - Unarmed
rCold    . . .     Faith    .   (shield unavailable)
rNeg     . . .     Spirit   .   (armour unavailable)
rPois    .         Reflect  .   (helmet unavailable)
rElec    .         Harm     .   (cloak unavailable)
rCorr    .         Rampage  .   (gloves unavailable)
Will     .....                  (boots unavailable)
Stlth    ++++......             (no amulet)
HPRegen  0.09/turn              (no ring)
MPRegen  0.10/turn              (no ring)

@: cleaving, quick
A: very small, no armour, no weapons or thrown items, stealth, claws 1, fangs 3,
see invisible, speed 1, shaggy fur 2, sharp paws
a: Renounce Religion


You were on level 3 of the Dungeon.
You worshipped Xom.
You were a beloved toy of Xom.
You visited 1 branch of the dungeon, and saw 3 of its levels.

You collected 248 gold pieces.

Inventory:

Jewellery
 b - a +4 ring of evasion {unknown}
 m - a cursed ring of attention {unknown}
Scrolls
 d - 2 scrolls of noise {unknown}
 e - 3 scrolls of remove curse {unknown}
 f - a scroll of blinking {unknown}
 g - 4 scrolls of teleportation {unknown}
 h - 2 scrolls of enchant armour {unknown}
 i - 3 scrolls of identify {unknown}
 j - a scroll of magic mapping {unknown}
 k - a scroll of amnesia {unknown}
Potions
 a - a potion of attraction
 n - a potion of curing {unknown}


   Skills:
 - Level 3.0 Fighting
 + Level 6.1 Dodging
 + Level 5.6 Stealth
 + Level 5.0 Unarmed Combat


You had 5 spell levels left.
You didn't know any spells.
Your spell library was empty.

Dungeon Overview and Level Annotations

Branches:
Dungeon (3/15)

Altars:
Makhleb


Innate Abilities, Weirdness & Mutations

You cannot wear armour.
You are incapable of wielding weapons or throwing items.
Your paws allow you to move quietly. (Stealth)
You have sharp claws.
You have razor-sharp teeth.
You have supernaturally acute eyesight. (SInv)
You cover ground quickly.
You are covered in thick fur. (AC +2)
Your sharp claws are effective at attacking unaware monsters.


Message History

You kill the orc wizard!
You closely miss the orc. The orc closely misses you.
You scratch the orc but do no damage. The orc misses you.
You scratch the orc. You bite the orc, but do no damage.
The orc is almost dead.
The orc barely misses you.
You barely miss the orc.
The orc is almost dead.
Your butterfly disappears in a puff of smoke!
You claw the orc!
You kill the orc!
Your Unarmed Combat skill increases to level 5!
You closely miss the orc.
Your butterfly disappears in a puff of smoke! x2
The orc hits you with a +3 flail.
* * * LOW HITPOINT WARNING * * *
You scratch the orc.
The orc is lightly wounded.
The orc hits you with a +3 flail!
You die...

###...# #.....# #?....# ##.....#
# ##......# # ##...#..# #
####÷.§....# #.# #
####........####....# .. #
###...........@o§..# .[
###...........####§..# ..
......##........# .### ##.
....####........#.## #.. .#.###
#........#.# #..
.....###..........#############..
..##.##......)..####.........##..
..##............###...#...##..#..
...###...<...........##..####....


You could see an orc.

Vanquished Creatures
  A crimson imp (D:3)
  An orc priest (D:2)
  2 orc wizards (D:3)
  6 adders
  3 oozes
  2 worms (D:2)
  8 orcs
  A ball python (D:2)
  7 bats
  3 giant cockroaches
  9 goblins
  5 hobgoblins
  5 jackals
  A quokka (D:2)
  5 frilled lizards
  13 kobolds
  7 rats
79 creatures vanquished.

Vanquished Creatures (others)
  Grinder (D:3)
1 creature vanquished.

Grand Total: 80 creatures vanquished

Notes
Turn   | Place    | Note
-------+----------+-------------------------------------------
     0 | D:1      | Descartes the Felid Chaos Knight began the quest for the
                  | Orb.
     0 | D:1      | Reached XP level 1. HP: 10/10 MP: 2/2
    70 | D:1      | XOM: silly message
   153 | D:1      | XOM: divination: magic mapping
   263 | D:1      | Reached skill level 1 in Stealth
   420 | D:1      | XOM: divination: detect items
   426 | D:1      | Reached XP level 2. HP: 13/14 MP: 3/3
   517 | D:1      | XOM: god gift: 54 gold pieces
   583 | D:1      | XOM: butterfly on damage
   713 | D:1      | XOM: 4-stop teleportation journey
  1180 | D:1      | Reached XP level 3. HP: 17/17 MP: 4/4
  1520 | D:2      | Reached skill level 4 in Dodging
  1694 | D:2      | XOM is BORED!
  1826 | D:2      | XOM: butterfly on damage
  1904 | D:2      | Reached XP level 4. HP: 21/21 MP: 5/5
  1956 | D:2      | HP: 1/21 [poisoned by an adder]
  1957 | D:2      | Succumbed to an adder's poison
  1958 | D:2      | Reached XP level 3. HP: 0/17 MP: 4/4
  2172 | D:2      | XOM: butterfly on damage
  2248 | D:2      | XOM: noise
  2416 | D:2      | XOM: butterfly on damage
  2693 | D:2      | XOM: confuse monster(s)
  2835 | D:2      | Reached XP level 4. HP: 10/21 MP: 5/5
  3253 | D:2      | XOM: fog
  3345 | D:2      | Reached skill level 5 in Dodging
  3590 | D:2      | XOM: god gift: potion of heal wounds
  3603 | D:3      | XOM: scenery: summon butterflies
  3798 | D:3      | Reached XP level 5. HP: 19/24 MP: 6/6
  3812 | D:3      | XOM: god gift: leather armour {god gift}
  3968 | D:3      | Found a burning altar of Makhleb.
  3995 | D:3      | XOM: enchant monster (good)
  4109 | D:3      | Noticed Grinder
  4117 | D:3      | XOM: butterfly on damage
  4123 | D:3      | XOM: cleaving
  4127 | D:3      | Killed Grinder
  4127 | D:3      | XOM: divine lightning
  4128 | D:3      | Reached skill level 5 in Stealth
  4128 | D:3      | Gained mutation: You are covered in thick fur. (AC +2)
                  | [Felid growth]
  4128 | D:3      | Reached XP level 6. HP: 28/28 MP: 7/7
  4168 | D:3      | XOM: cleaving
  4171 | D:3      | XOM: scenery: summon butterflies
  4191 | D:3      | Reached skill level 6 in Dodging
  4204 | D:3      | Reached skill level 5 in Unarmed Combat
  4205 | D:3      | Slain by an orc

Illustrated notes

Levels and vault maps discovered:
D:1:      shiori_arrival_elements, layout_basic
D:2:      layout_loops_ring
D:3:      layout_rooms, makhleb_grotto_becter, uniq_grinder

Skill      XL: |  1  2  3  4  5  6 |
---------------+-------------------+-----
Stealth        | 1 2 4 5 |  5.6
Dodging        | 4 5 6 |  6.1
Unarmed Combat | 4 5 |  5.0
Fighting       | |  3.0

Action                   |  1- 3 |  4- 6 || total
-------------------------+-------+-------++-------
Melee: Unarmed           |   173 |   149 ||   322
       Bite              |    13 |    14 ||    27
       Punch             |     2 |     1 ||     3
  Use: Potion            |     3 |     1 ||     4
 Stab: Sleeping          |    12 |     4 ||    16
       Petrified         |       |     3 ||     3
Armor: Skin              |     7 |     8 ||    15
Dodge: Dodged            |   153 |   137 ||   290
